 Dungeon Sprint DCSS version 0.19-a0-916-g8ae7e35 (webtiles) character file.

2998 LORDOFBUTT the Protected (level 9, -3/93 HPs)
             Began as a Minotaur Fighter on July 5, 2016.
             Was an Initiate of Gozag.
             Slain by a troll (14 damage)
             ... in the Dungeon (Sprint IX: "|||||||||||||||||||||||||||||").
             The game lasted 00:01:55 (471 turns).

LORDOFBUTT the Protected (Minotaur Fighter)          Turns: 471, Time: 00:01:56

Health: -3/93      AC: 13    Str: 21    XL:     9   Next: 54%
Magic:  8/8        EV: 11    Int:  5    God:    Gozag
Gold:   46         SH: 13    Dex: 13    Spells: 0 memorised, 8 levels left

rFire  . . .     SeeInvis .     p - +1 broad axe (elec)
rCold  . . .     Gourm    .     r - +1 chain mail
rNeg   . . .     Faith    .     c - +0 shield
rPois  .         Spirit   .     (helmet restricted)
rElec  .         Dismiss  .     (no cloak)
rCorr  .         Reflect  .     (no gloves)
SustAt .         Harm     .     (no boots)
MR     .....     NoTele   +     (no amulet)
Stlth  ..........               (no ring)
                                (no ring)

@: exhausted, slowed, very slow, not resistant to hostile enchantments,
extremely unstealthy
A: retaliatory headbutt, horns 2
a: Potion Petition, Call Merchant, Bribe Branch, Renounce Religion


You were in the Dungeon.
You worshipped Gozag.
Gozag was noncommittal.
You were not hungry.

You visited 1 branch You collected 46 gold pieces.

Inventory:

Hand Weapons
 p - a +1 broad axe of electrocution (weapon)
Armour
 b - a +0 scale mail
 c - a +0 shield (worn)
 r - a +1 chain mail (worn)
Jewellery
 a - a +2 ring of protection
 q - a +3 ring of intelligence
Wands
 o - a wand of acid (7/15)
Scrolls
 k - 2 scrolls of blinking
 m - 3 scrolls of remove curse
 n - 2 scrolls of amnesia
Potions
 d - a potion of might
 e - 5 potions of curing
 h - a potion of haste
 i - 4 potions of magic
 l - a potion of invisibility
Comestibles
 f - a bread ration


   Skills:
 + Level 13.1 Fighting
 + Level 12.0 Axes
 + Level 13.4 Armour
 + Level 6.6 Dodging
 + Level 13.0 Shields


You had 8 spell levels left.
You didn't know any spells.

Dungeon Overview and Level Annotations

Branches:
Dungeon (1/1)

Altars:
Cheibriados
Dithmenos
Elyvilon
Fedhas
Gozag
Hepliaklqana
Kikubaaqudgha
Makhleb
Nemelex Xobeh
Okawaru
Pakellas
Qazlal
Ru
Sif Muna
Trog
Uskayaw
Vehumet
Xom
Yredelemnul
Zin
The Shining One
Beogh
Jiyva
Lugonu


Innate Abilities, Weirdness & Mutations

You reflexively headbutt those who attack you in melee.
You have a pair of horns on your head.


Message History

The troll is severely wounded.
The giant cockroach zombie is no longer distracted by gold.
The troll bites you but does no damage. You block the troll's attack.
The troll barely misses you. You block the troll's attack.
The troll barely misses you. The troll claws you but does no damage.
You closely miss the troll.
The troll is heavily wounded.
The troll bites you!
* * * LOW HITPOINT WARNING * * *
You block the troll's attack. x2
Your chain mail prevents you from hitting the troll.
The troll is heavily wounded.
The troll is distracted by the nearby gold.
The troll shouts!
You slash the troll!
The troll is no longer distracted by gold.
The troll is severely wounded.
The troll bites you!
You die...
Your body crumbles into a pile of gold. ▓▓▓▓▓▓▓▓▓▓▓▓▓▓▓▓▓▓▓▓▓▓▓▓ '..|)[[...')....@TZ..... ▓▓▓▓▓▓▓▓▓▓▓▓▓▓▓▓▓▓▓▓▓▓▓▓ $$$$$ $ $ $ $$$$$

You could see a troll and a giant cockroach zombie.

Vanquished Creatures
  A centaur warrior (D)
  A catoblepas (D)
  3 hill giants (D)
  A sky beast (D)
  A giant frog (D)
  A scorpion (D)
  A jelly (D)
  An iguana (D)
  A worker ant (D)
  An adder skeleton (D)
  A giant gecko (D)
  2 orcs (D)
  A giant cockroach (D)
  A goblin (D)
  A hobgoblin (D)
  A jackal (D)
  A kobold (D)
20 creatures vanquished.

Vanquished Creatures (others)
  A spatial maelstrom (D)
1 creature vanquished.

Grand Total: 21 creatures vanquished

Notes
Turn   | Place    | Note
-------+----------+-------------------------------------------
     0 | D        | LORDOFBUTT the Minotaur Fighter began the quest for the Orb.
     0 | D        | Reached XP level 1. HP: 19/19 MP: 0/0
     2 | D        | Banished a spatial maelstrom
    25 | D        | Noticed a jelly
    25 | D        | Noticed a scorpion
    25 | D        | Noticed an iguana
    31 | D        | Reached XP level 2. HP: 26/28 MP: 1/1
    32 | D        | Reached skill level 5 in Fighting
    32 | D        | Reached skill level 5 in Armour
    32 | D        | Reached skill level 1 in Dodging
    32 | D        | Reached skill level 5 in Shields
    32 | D        | Reached XP level 3. HP: 28/37 MP: 2/2
    34 | D        | Killed a scorpion
    34 | D        | Reached XP level 4. HP: 34/45 MP: 3/3
    38 | D        | Reached skill level 5 in Axes
   192 | D        | Found a glowing silver altar of Zin.
   192 | D        | Found a glowing golden altar of the Shining One.
   192 | D        | Found an ancient bone altar of Kikubaaqudgha.
   192 | D        | Found a basalt altar of Yredelemnul.
   192 | D        | Found a shimmering altar of Xom.
   192 | D        | Found a radiant altar of Vehumet.
   193 | D        | Found an iron altar of Okawaru.
   194 | D        | Found a burning altar of Makhleb.
   195 | D        | Found a deep blue altar of Sif Muna.
   196 | D        | Found a bloodstained altar of Trog.
   197 | D        | Found a sparkling altar of Nemelex Xobeh.
   198 | D        | Found a white marble altar of Elyvilon.
   199 | D        | Found a roughly hewn altar of Beogh.
   200 | D        | Found a viscous altar of Jiyva.
   201 | D        | Found a corrupted altar of Lugonu.
   202 | D        | Found a blossoming altar of Fedhas.
   203 | D        | Found a snail-covered altar of Cheibriados.
   204 | D        | Found a shadowy altar of Dithmenos.
   205 | D        | Found a stormy altar of Qazlal.
   206 | D        | Found an opulent altar of Gozag.
   207 | D        | Found a sacrificial altar of Ru.
   208 | D        | Found an oddly glowing altar of Pakellas.
   209 | D        | Found a hide-covered altar of Uskayaw.
   210 | D        | Found a hazy altar of Hepliaklqana.
   236 | D        | Became a worshipper of Gozag Ym Sagoz the Greedy
   279 | D        | Noticed a hill giant
   279 | D        | Noticed a giant frog
   279 | D        | Noticed a sky beast
   287 | D        | Killed a hill giant
   287 | D        | Reached skill level 10 in Fighting
   287 | D        | Reached skill level 10 in Armour
   287 | D        | Reached XP level 5. HP: 41/58 MP: 4/4
   287 | D        | Reached XP level 6. HP: 47/66 MP: 5/5
   287 | D        | Reached XP level 7. HP: 51/72 MP: 6/6
   297 | D        | Reached skill level 10 in Shields
   434 | D        | Noticed a catoblepas
   434 | D        | Noticed a centaur warrior
   434 | D        | Noticed a hill giant
   434 | D        | Noticed a hill giant
   434 | D        | Noticed a troll
   440 | D        | Killed a catoblepas
   440 | D        | Reached skill level 5 in Dodging
   440 | D        | Reached XP level 8. HP: 82/82 MP: 7/7
   453 | D        | Killed a centaur warrior
   453 | D        | Reached skill level 10 in Axes
   453 | D        | Reached XP level 9. HP: 43/90 MP: 8/8
   458 | D        | Killed a hill giant
   460 | D        | HP: 1/92 [hill giant/giant club (6)]
   463 | D        | Killed a hill giant
   471 | D        | Slain by a troll

Vault maps used:
D:        linesprint

Skill      XL: |  1  2  3  4  5  6  7  8  9 |
---------------+----------------------------+-----
Fighting       | 4 5 6 10 11 12 13 | 13.1
Armour         | 4 5 6 10 11 12 13 | 13.4
Shields        | 4 5 6 9 11 12 13 | 13.0
Axes           | 3 4 7 9 10 12 | 12.0
Dodging        | 1 3 5 6 |  6.6

Action                   |  1- 3 |  4- 6 |  7- 9 || total
-------------------------+-------+-------+-------++-------
Melee: War axe           |    24 |     5 |       ||    29
       Headbutt          |     2 |     3 |    12 ||    17
       Broad axe         |       |     7 |    49 ||    56
  Use: Potion            |       |       |     4 ||     4
 Stab: Distracted        |       |       |     1 ||     1
Armor: Scale mail        |     7 |     1 |       ||     8
       Chain mail        |       |       |    28 ||    28
Dodge: Dodged            |    13 |     3 |    11 ||    27
Block: Shield            |    13 |     3 |    21 ||    37
